 Dungeon Crawl Stone Soup version 0.30.1-4-g462c640d31 (webtiles) character file.

Game seed: 2035849520983703252

22 booth the Chopper (level 2, -1/23 HPs)
             Began as a Demonspawn Gladiator on Sept 11, 2023.
             Was a Plaything of Xom.
             Slain by a gnoll
             ... wielding a +0 spear
              (4 damage)
             ... on level 2 of the Dungeon.
             The game lasted 00:05:02 (905 turns).

booth the Chopper (Demonspawn Gladiator)             Turns: 905, Time: 00:05:02

Health: -1/23      AC:  4    Str: 14    XL:     2   Next: 68%
Magic:  2/2        EV: 12    Int:  9    God:    Xom [..*...]
Gold:   64         SH:  4    Dex: 14    Spells: 1/1 levels left

rFire   . . .        a - +1 war axe
rCold   . . .        (no shield)
rNeg    . . .        b - +0 leather armour
rPois   .            c - +0 helmet
rElec   .            (no cloak)
rCorr   .            (no gloves)
SInv    .            (no boots)
Will    .....        (no amulet)
Stlth   +            (no ring)
HPRegen 0.23/turn    (no ring)
MPRegen 0.08/turn

%: no passive effects
@: no status effects
A: large bone plates 1
a: Renounce Religion


You were on level 2 of the Dungeon.
You worshipped Xom.
You were a toy of Xom.
You visited 1 branch of the dungeon, and saw 2 of its levels.

You collected 64 gold pieces.

Inventory:

Hand Weapons
 a - a +1 war axe (weapon)
Missiles
 d - 3 throwing nets (quivered)
 e - a javelin
Armour
 b - a +0 leather armour (worn)
 c - a +0 helmet (worn)
Scrolls
 f - a scroll of blinking {unknown}
 g - a scroll of fog {unknown}
 i - a scroll of identify
Potions
 h - a potion of degeneration {unknown}
 l - a potion of flight


   Skills:
 + Level 2.3 Fighting
 + Level 3.0 Axes
 + Level 2.1 Throwing
 + Level 2.9 Dodging


You had one spell level left.
You didn't know any spells.
Your spell library was empty.

Dungeon Overview and Level Annotations

Branches:
Dungeon (2/15)

Altars:
Xom

Shops:
D:1 *


Innate Abilities, Weirdness & Mutations

You are partially covered in large bone plates. (SH +4)


Message History

An adder comes into view.
The adder hisses angrily.
You see here a scroll of identify.
i - a scroll of identify A kobold comes into view.
It is wielding a +0 short sword.
The gnoll closely misses you.
Things that are here:
a +0 spear; a gnoll corpse
There is a stone staircase leading up, spattered with blood here.
You miss the adder. The adder closely misses you.
You barely miss the adder. The adder closely misses you.
An endoplasm comes into view.
The gnoll hits you from afar with a +0 spear.
You emit a cloud of colourful smoke!
The adder closely misses you.
You hit the adder.
The adder is moderately wounded.
The adder closely misses you.
The gnoll hits you from afar with a +0 spear.
The adder bites you but does no damage.
The gnoll hits you from afar with a +0 spear.
You miss the adder.
The adder is moderately wounded.
The adder bites you but does no damage. The gnoll misses you.
The adder closely misses you.
You miss the adder.
The adder is moderately wounded.
The adder bites you.
The gnoll hits you from afar with a +0 spear.
A gnoll comes into view. It is wielding a +0 club.
You miss the adder.
The adder is moderately wounded.
The adder closely misses you.
A gnoll comes into view. It is wielding a +0 club.
The gnoll hits you from afar with a +0 spear.
* * * LOW HITPOINT WARNING * * *
The adder barely misses you.
The gnoll hits you from afar with a +0 spear.
You die...
Xom bursts into laughter!

# #. #.
#..
#..###
#.ยงยงยง#
#.##@# #
#S#
#.##g####
#...KJ..#
####g##.#
..g. ..
##.##.###
#.# # #.#


You could see 3 gnolls, an adder, an endoplasm and a kobold.

Vanquished Creatures
  A gnoll (D:2)
  2 ball pythons (D:1)
  A bat (D:1)
  3 endoplasms (D:1)
  A hobgoblin (D:1)
  A quokka (D:1)
  A frilled lizard (D:1)
  A kobold (D:1)
11 creatures vanquished.

Notes
Turn   | Place    | Note
-------+----------+-------------------------------------------
     0 | D:1      | booth the Demonspawn Gladiator began the quest for the Orb.
     0 | D:1      | Reached XP level 1. HP: 16/16 MP: 1/1
   189 | D:1      | Found a faded altar of an unknown god.
   225 | D:1      | Prayed at the altar of an unknown god.
   225 | D:1      | Became a worshipper of Xom the Unpredictable
   338 | D:1      | Gained mutation: You are partially covered in large bone
                  | plates. (SH +4) [demonic ancestry]
   338 | D:1      | Reached XP level 2. HP: 22/22 MP: 2/2
   420 | D:1      | Found Ibis's Assorted Antiques.
   708 | D:1      | XOM: silly message
   877 | D:2      | XOM: noise
   890 | D:2      | Reached skill level 3 in Axes
   901 | D:2      | XOM: smoke on damage
   905 | D:2      | Slain by a gnoll

Illustrated notes

Levels and vault maps discovered:
D:1:      elethiomel_arrival_maze, layout_basic, serial_shops, shop,
          hellmonk_ecumenical_altar_zigzags, minmay_stone_trees_medium
D:2:      layout_loops_ring, uniq_jessica

Skill      XL: |  1  2 |
---------------+-------+-----
Throwing       | 2 |  2.1
Axes           | 3 |  3.0
Fighting       | |  2.3
Dodging        | |  2.9

Action                     || total
---------------------------++-------
  Melee: War axe           ||    28
    Use: Scroll            ||     4
 Armour: Leather armour    ||     4
  Dodge: Dodged            ||    19
  Block: Other             ||     3
